 Dungeon Crawl Stone Soup version 0.28.0-53-g5a82cb258f (webtiles) character file.

Game seed: 12516410422033300838

86 Ashen the Chiller (level 4, 0/42 HPs)
             Began as an Ogre Ice Elementalist on June 29, 2022.
             Slain by a kobold
             ... wielding a +0 short sword
              (5 damage)
             ... on level 3 of the Dungeon.
             The game lasted 00:04:30 (2940 turns).

Ashen the Chiller (Ogre Ice Elementalist)           Turns: 2940, Time: 00:04:32

Health: 0/42       AC:  3    Str: 12    XL:     4   Next: 49%
Magic:  8/9        EV: 10    Int: 18    God:
Gold:   105        SH:  0    Dex: 15    Spells: 3/10 levels left

rFire   . . .      SeeInvis .   h - +0 morningstar
rCold   . . .      Faith    .   (no shield)
rNeg    . . .      Spirit   .   a - +0 robe
rPois   .          Reflect  .   (helmet restricted)
rElec   .          Harm     .   (no cloak)
rCorr   .          Rampage  .   (gloves unavailable)
Will    .....                   (boots unavailable)
Stlth   ++........              (no amulet)
HPRegen 0.14/turn               c - +6 ring of dexterity
MPRegen 0.11/turn               (no ring)

@: no status effects
A: large, unfitting armour, tough skin 1
a: no special abilities


You were on level 3 of the Dungeon.
You visited 1 branch of the dungeon, and saw 3 of its levels.

You collected 105 gold pieces.

Inventory:

Hand Weapons
 h - a +0 morningstar (weapon)
Armour
 a - a +0 robe (worn)
Jewellery
 c - a +6 ring of dexterity (left hand)
Scrolls
 b - 2 scrolls of noise {unknown}
 e - a scroll of teleportation {unknown}
 f - a scroll of summoning {unknown}
 g - a scroll of identify {unknown}
Potions
 d - a potion of heal wounds {unknown}


   Skills:
 + Level 1.8 Fighting
 + Level 2.3 Dodging
 + Level 1.9 Stealth
 * Level 3.5 Spellcasting
 + Level 3.9 Ice Magic


You had 3 spell levels left.
You knew the following spells:

 Your Spells              Type           Power      Damage    Failure   Level
a - Freeze                Ice            68%        1d8       3%          1
b - Frozen Ramparts       Ice            34%        1d5       9%          3
c - Ozocubu's Armour      Ice            17%        N/A       9%          3

Your spell library contained the following spells:

 Spells                   Type           Power      Damage    Failure   Level
 Foxfire                  Conj/Fire      12%        2x1d4     16%         1
 Conjure Flame            Conj/Fire      3%         6-21      43%         3
 Inner Flame              Hex/Fire       3%         N/A       43%         3
 Hailstorm                Conj/Ice       10%        3d5       56%         4
 Flame Wave               Conj/Fire      3%         2d4       83%         4


Dungeon Overview and Level Annotations

Branches:
Dungeon (3/15)

Altars:

Annotations:
D:2 Terence


Innate Abilities, Weirdness & Mutations

You are too large for most types of armour.
You have tough skin. (AC +1)


Message History

The kobold hits you but does no damage.
The bullfrog zombie hits you but does no damage.
The kobold hits you with a +0 short sword.
The bullfrog zombie hits you.
You hit the bullfrog zombie but do no damage.
The bullfrog zombie is heavily damaged.
The bullfrog zombie misses you.
The kobold hits you with a +0 short sword.
The bullfrog zombie hits you but does no damage.
You sock the bullfrog zombie!
The bullfrog zombie is severely damaged.
The kobold closely misses you.
The bullfrog zombie hits you but does no damage.
The kobold hits you with a +0 short sword.
The bullfrog zombie hits you.
You are too injured to fight recklessly!
You are too injured to fight recklessly!
You are too injured to fight recklessly!
You are too injured to fight recklessly!
You barely miss the bullfrog zombie.
The bullfrog zombie is severely damaged.
The bullfrog zombie hits you.
The kobold hits you with a +0 short sword.
* * * LOW HITPOINT WARNING * * *
The bullfrog zombie hits you but does no damage.
You closely miss the bullfrog zombie.
The bullfrog zombie is severely damaged.
The kobold hits you but does no damage. The bullfrog zombie hits you.
* * * LOW HITPOINT WARNING * * *
The kobold barely misses you.
The bullfrog zombie hits you but does no damage.
Casting: Freeze (safe; 3% risk of failure)
Confirm with . or Enter, or press ? or * to list all spells.
Aiming: Freeze (safe; 3% risk of failure)
Press: ? - help, Shift-Dir - straight line, f - kobold
Aim: a kobold, wielding a +0 short sword You freeze the kobold.
The kobold is moderately wounded.
The kobold hits you with a +0 short sword.
You die...

###.##..##)........
#.###.##.........###
###.##...............#
.....#...............#
...###..............!#
##.....).............#
#####...............#
#...........K...#
#.^........@Z.?.#
#...............#
#......######...#
#......# #### ########


You could see a bullfrog zombie and a kobold.

Vanquished Creatures
  2 adders
  2 worms (D:2)
  6 orcs (D:3)
  6 ball pythons
  7 bats
  2 endoplasms
  A giant cockroach (D:2)
  6 goblins
  4 hobgoblins
  2 kobolds
  6 quokkas
  2 frilled lizards
  4 rats
50 creatures vanquished.

Notes
Turn   | Place    | Note
-------+----------+-------------------------------------------
     0 | D:1      | Ashen the Ogre Ice Elementalist began the quest for the
                  | Orb.
     0 | D:1      | Reached XP level 1. HP: 16/16 MP: 3/3
   302 | D:1      | Reached XP level 2. HP: 26/26 MP: 5/5
   931 | D:1      | Reached skill level 1 in Fighting
  1195 | D:1      | Reached XP level 3. HP: 29/33 MP: 5/7
  1252 | D:1      | Found a faded altar of an unknown god.
  1693 | D:2      | Noticed Terence
  1754 | D:1      | Learned a level 3 spell: Frozen Ramparts
  1758 | D:1      | Learned a level 3 spell: Ozocubu's Armour
  2215 | D:2      | Reached XP level 4. HP: 25/41 MP: 0/8
  2940 | D:3      | Slain by a kobold

Illustrated notes

Levels and vault maps discovered:
D:1:      erik_arrival_orb_chamber, layout_loops_ring,
          shapermc_ecumenical_altar_pompeii, serial_bayou_ford_a,
          amcnicky_mini_pool_small
D:2:      layout_basic, uniq_terence
D:3:      layout_rooms, mainiacjoe_overflow_concentric_impassable

Skill      XL: |  1  2  3 |
---------------+----------+-----
Dodging        | 2 |  2.3
Fighting       | 1 |  1.8
Spellcasting   | 3 |  3.5
Stealth        | |  1.9
Ice Magic      | |  3.9

Action                   |  1- 3 |  4- 6 || total
-------------------------+-------+-------++-------
Melee: Unarmed           |    21 |       ||    21
       Whip              |    42 |       ||    42
       Morningstar       |       |    20 ||    20
       Punch             |       |     2 ||     2
 Cast: Freeze            |    51 |    17 ||    68
 Stab: Sleeping          |     1 |       ||     1
Armor: Robe              |    47 |    14 ||    61
Dodge: Dodged            |    73 |    22 ||    95
